 Dungeon Crawl Stone Soup version 0.31.0-9-g3a7656b989 (webtiles) character file.

Game seed: 16926044133275822875

96 qw the Shooter (level 4, 0/25 HPs)
             Began as a Deep Elf Hunter on Feb 2, 2024.
             Slain by an orc wizard
             ... wielding a +0 dagger
              (1 damage)
             ... on level 3 of the Dungeon.
             The game lasted 00:00:05 (1788 turns).

qw the Shooter (Deep Elf Hunter)                    Turns: 1788, Time: 00:00:06

Health: 0/25       AC:  4    Str: 10    XL:     4   Next: 41%
Magic:  6/6        EV: 12    Int: 14    God:
Gold:   91         SH:  0    Dex: 18    Spells: 3/3 levels left

rFire   . . .        a - +0 shortbow
rCold   . . .        (shield currently unavailable)
rNeg    . . .        c - +0 leather armour
rPois   .            (no helmet)
rElec   .            e - +0 cloak
rCorr   .            (no gloves)
SInv    .            (no boots)
Will    .....        (no amulet)
Stlth   +            (no ring)
HPRegen 0.24/turn    (no ring)
MPRegen 0.10/turn

%: no passive effects
@: confused, attractive, hasted, invisible, very quick
A: no striking features
a: no special abilities


You were on level 3 of the Dungeon.
You visited 1 branch of the dungeon, and saw 3 of its levels.

You collected 91 gold pieces.


   Skills:
 - Level 1.5 Fighting
 + Level 7.8 Ranged Weapons
 - Level 2.4 Dodging
 - Level 1.2 Stealth


You had 3 spell levels left.
You didn't know any spells.
Your spell library was empty.

Inventory:

Hand Weapons
 a - a +0 shortbow (weapon)
Armour
 c - a +0 leather armour (worn)
 e - a +0 cloak (worn)

Dungeon Overview and Level Annotations

Branches:
Dungeon (3/15)

Altars:


Message History

The magic dart hits you.
1773 ||| FLEEEEING.
1774 ||| FLEEEEING.
A puff of flame appears from out of thin air!
The puff of flame hits you.
1775 ||| FLEEEEING.
You shoot an arrow. You shoot an arrow.
You hear some strange, mumbled words.
You are confused.
You shoot an arrow.
1779 ||| DRINKING ruby potion.
It was a potion of haste.
You feel yourself speed up.
1780 ||| DRINKING smoky silvery potion.
It was a potion of attraction.
You feel attractive to monsters. The orc is attracted toward you. x2
1781 ||| DRINKING coppery potion.
It was a potion of invisibility.
You fade into invisibility!
The orc misses you. Something hits you.
1782 ||| DRINKING glowing puce potion.
It was a potion of curing.
You feel better. The orc hits you with a +0 flail.
Something hits you but does no damage.
You shoot an arrow.
The arrow hits the orc but does no damage.
You shoot an arrow. The arrow hits the orc.
The orc is severely wounded.
Something hits you but does no damage.
You shoot an arrow. The arrow hits the orc.
You kill the orc!
Something hits you.
You shoot an arrow.
The arrow hits the orc priest but does no damage.
The orc barely misses you.
The orc priest hits you with a +0 short sword.
You hear some strange, mumbled words.
You are confused.
The orc closely misses you.
The orc priest hits you with a +0 short sword.
Something hits you.
You die...

##########
#########........###########
#......<....................
#................###########
#................# #....
#................# #.###
#................# #.#
#...........o....# #.#
#..........@#....#######.#
............o>........##.#
######.###....####.##.#
...............#.##.#
####.###.#####.#....# #. #o#
###### ######.###o#####.#
..........o.......
.......o..........


You could see an orc priest (unable to see you) and an orc (unable to see you).

Vanquished Creatures
  5 adders
  3 ribbon worms
  A dart slug (D:3)
  2 orcs (D:3)
  5 ball pythons
  An endoplasm (D:2)
  A giant cockroach (D:1)
  4 goblins
  4 hobgoblins
  A jackal (D:1)
  2 quokkas
  7 bats
  A frilled lizard (D:1)
  A kobold (D:2)
  4 rats
42 creatures vanquished.

Notes
Turn   | Place    | Note
-------+----------+-------------------------------------------
     0 | D:1      | qw the Deep Elf Hunter began the quest for the Orb.
     0 | D:1      | Reached XP level 1. HP: 12/12 MP: 3/3
     0 | D:1      | 0 ||| qw: Version: 0.3-a-155-g5e7d8dd
     0 | D:1      | 0 ||| qw: Game counter: 2063
     0 | D:1      | 0 ||| qw: Melee chars always use a shield: true
     0 | D:1      | 0 ||| qw: God list: Okawaru
     0 | D:1      | 0 ||| qw: Allow faded altars: false
     0 | D:1      | 0 ||| qw: Do Orc after clearing Dungeon:15 true
     0 | D:1      | 0 ||| qw: Do second Lair branch before Depths: true
     0 | D:1      | 0 ||| qw: Lair rune preference: random
     0 | D:1      | 0 ||| qw: Goals: Normal
     0 | D:1      | 0 ||| PLANNING D:1-11
   193 | D:1      | Reached skill level 6 in Ranged Weapons
   193 | D:1      | Reached XP level 2. HP: 16/16 MP: 4/4
   625 | D:1      | 625 ||| UPGRADING to +0 cloak.
   630 | D:1      | 630 ||| READING scroll labelled VINLEPT COIDA.
   635 | D:1      | 635 ||| READING scroll labelled UPNO PEETERUS.
   636 | D:1      | 636 ||| READING scroll labelled IFIRUT REIXOMN.
   637 | D:1      | 637 ||| DROPPING scroll of butterflies.
   735 | D:2      | Reached XP level 3. HP: 19/20 MP: 5/5
   888 | D:2      | Reached skill level 7 in Ranged Weapons
  1708 | D:3      | Reached XP level 4. HP: 25/25 MP: 6/6
  1758 | D:3      | 1758 ||| RETREEEEATING.
  1761 | D:3      | 1761 ||| RETREEEEATING.
  1762 | D:3      | 1762 ||| RETREEEEATING.
  1763 | D:3      | 1763 ||| RETREEEEATING.
  1765 | D:3      | 1765 ||| RETREEEEATING.
  1771 | D:3      | 1771 ||| FLEEEEING.
  1772 | D:3      | 1772 ||| FLEEEEING.
  1773 | D:3      | 1773 ||| FLEEEEING.
  1774 | D:3      | 1774 ||| FLEEEEING.
  1774 | D:3      | HP: 6/25 [something/puff of flame (5)]
  1775 | D:3      | 1775 ||| FLEEEEING.
  1779 | D:3      | 1779 ||| DRINKING ruby potion.
  1780 | D:3      | 1780 ||| DRINKING smoky silvery potion.
  1781 | D:3      | 1781 ||| DRINKING coppery potion.
  1782 | D:3      | 1782 ||| DRINKING glowing puce potion.
  1785 | D:3      | HP: 3/25 [something (4)]
  1788 | D:3      | HP: 1/25 [orc priest/+0 short sword (2)]
  1788 | D:3      | Slain by an orc wizard

Levels and vault maps discovered:
D:1:      dpeg_arrival_tiny_i, layout_basic, minmay_vboxes
D:2:      layout_basic
D:3:      layout_basic, gammafunk_ghost_cemetery

Skill      XL: |  1  2  3 |
---------------+----------+-----
Ranged Weapons | 6 7 |  7.8
Fighting       | |  1.5
Dodging        | |  2.4
Stealth        | |  1.2

Action                     |  1- 3 |  4- 6 || total
---------------------------+-------+-------++-------
   Fire: Shortbow          |   102 |    27 ||   129
    Use: Scroll            |     3 |       ||     3
         Potion            |       |     4 ||     4
 Armour: Leather armour    |    30 |    16 ||    46
  Dodge: Dodged            |    32 |     4 ||    36

Table legend:
 A = Non-vault XP
 B = Vault XP
 C = Vault XP percentage of total XP
 D = Non-vault monster count
 E = Vault monster count
 F = Vault count percentage of total count
                 A         B        C        D         E       F
            +---------+---------+-------+---------+---------+-------
      Total |     129 |       9 |   6.5 |      37 |       5 |  11.9
            +---------+---------+-------+---------+---------+-------
        D:1 |      15 |       9 |  37.5 |      10 |       5 |  33.3
        D:2 |      71 |       0 |   0.0 |      19 |       0 |   0.0
        D:3 |      43 |       0 |   0.0 |       8 |       0 |   0.0
            +---------+---------+-------+---------+---------+-------
